 Dungeon Crawl Stone Soup version 0.30-b1-2-g02819fbbbe (webtiles) character file.

Game seed: 8213083973627987419

507 raph the Basher (level 7, -2/57 HPs)
             Began as a Hill Orc Fighter on Oct 14, 2023.
             Was an Initiate of Beogh.
             Slain by an iguana (5 damage)
             ... on level 5 of the Dungeon.
             The game lasted 00:09:32 (4405 turns).

raph the Basher (Hill Orc Fighter)                  Turns: 4405, Time: 00:09:32

Health: -2/57      AC: 11    Str: 25    XL:     7   Next: 18%
Magic:  7/7        EV:  9    Int:  8    God:    Beogh [......]
Gold:   372        SH:  4    Dex: 12    Spells: 6/6 levels left

rFire   + . .        a - +0 flail (protect)
rCold   . . .        c - +0 buckler
rNeg    . . .        s - +5 scale mail {rF+}
rPois   .            (no helmet)
rElec   .            (no cloak)
rCorr   .            (no gloves)
SInv    .            (no boots)
Will    .....        r - amulet of the acrobat Stlth
                     l - +6 ring of strength
HPRegen 0.29/turn    (no ring)
MPRegen 0.10/turn

%: acrobat
@: hasted, very quick
A: no striking features
a: Renounce Religion


You were on level 5 of the Dungeon.
You worshipped Beogh.
Beogh was noncommittal.
You visited 1 branch of the dungeon, and saw 6 of its levels.

You collected 372 gold pieces.

Inventory:

Hand Weapons
 a - a +0 flail of protection (weapon)
Missiles
 d - 2 poisoned darts
 e - a boomerang (quivered)
Armour
 b - a +0 scale mail
 c - a +0 buckler (worn)
 s - a +5 scale mail of fire resistance (worn)
Jewellery
 h - a ring of fire
 l - a +6 ring of strength (left hand)
 r - an amulet of the acrobat (around neck)
 y - a ring of protection from fire
Wands
 t - a wand of flame (6)
Scrolls
 k - a scroll of poison
 m - a scroll of identify
Potions
 f - a potion of haste
 g - a potion of lignification {unknown}
 i - 2 potions of heal wounds {unknown}
 j - a potion of attraction {unknown}
 n - a potion of flight {unknown}
 o - a potion of mutation
 p - a potion of curing
 q - 2 potions of magic
 u - a potion of brilliance {unknown}
 v - a potion of ambrosia {unknown}


   Skills:
 - Level 3.6 Fighting
 + Level 8.3 Maces & Flails
 - Level 3.2 Armour
 - Level 3.2 Shields


You had 6 spell levels left.
You didn't know any spells.
Your spell library contained the following spells:

 Spells                   Type           Power      Damage    Failure   Level
 Kiss of Death            Conj/Necr      0%         2d5       77%         1
 Confusing Touch          Hex            0%         N/A       98%         3
 Tukima's Dance           Hex            0%         N/A       98%         3
 Dispel Undead            Necr           0%         3d6       100%        4
 Passage of Golubria      Tloc           0%         N/A       100%        4
 Yara's Violent Unravell  Hex/Tmut       0%         3d3       100%        5


Dungeon Overview and Level Annotations

Branches:
Dungeon (6/15)             Temple (0/1) D:4

Altars:
Fedhas
Trog
Uskayaw
Wu Jian

Shops:
D:4 (

Annotations:
D:2 Sigmund
D:3 2 transporters, Tommers's ghost, amateur OpFE


Message History

The iguana bites you.
The orc priest hits you but does no damage.
You are too injured to fight recklessly!
You are too injured to fight recklessly!
You are too injured to fight recklessly!
You are too injured to fight recklessly!
You are too injured to fight recklessly!
You are too injured to fight recklessly!
You are too injured to fight recklessly!
You are too injured to fight recklessly!
You are too injured to fight recklessly!
You are too injured to fight recklessly!
You closely miss the iguana. The iguana closely misses you.
The orc priest barely misses you.
You hit the orc priest but do no damage.
The iguana misses you.
The orc priest hits you but does no damage.
You hit the orc priest.
The orc priest is moderately wounded.
The iguana barely misses you.
The orc priest invokes the aid of Beogh against you.
Beogh smites you!
You hit the orc priest.
The orc priest is heavily wounded.
The iguana bites you.
* * * LOW HITPOINT WARNING * * *
The orc priest hits you but does no damage.
The iguana attacks as you move away! The iguana barely misses you.
The iguana attacks as you move away! The iguana completely misses you.
There is a stone staircase leading up here.
The iguana closely misses you.
The orc priest invokes the aid of Beogh against you.
Beogh smites you!
* * * LOW HITPOINT WARNING * * *
You climb upwards.
There is a stone staircase leading down here.
You feel yourself speed up.
The orc priest hits you but does no damage.
The iguana bites you.
You die...

....###.#.##...#.#.......#
...............#.#.......#
.##............#.#.......#
.##..........#...#.#######
.##..........#...#.#
.###.........#.#.#.#
####.........#.#.#.#
..##.........#.#l#.#
..##.........#.#@o.#
.............#.#####
...###....####'#######
...# #...............####
...# #....#.............#
...#
#....#.............######
...#
###############.........##
..## #.....####..# ..#
#.#########.#


You could see an iguana and an orc priest.

Vanquished Creatures
  2 ogres (D:4)
  A bullfrog (D:6)
  A hound (D:4)
  A jelly (D:4)
  An iguana (D:5)
  Ijyb (D:4)
  Terence (D:3)
  Robin (D:2)
  2 adders
  A gnoll (D:1)
  2 ufetubi
  5 dart slugs
  4 orcs
  7 ball pythons
  5 endoplasms
  3 giant cockroaches (D:1)
  21 goblins
  5 hobgoblins
  6 jackals
  A quokka (D:2)
  2 bats (D:3)
  A kobold (D:1)
  3 rats
77 creatures vanquished.

Vanquished Creatures (others)
  A dart slug (D:4)
  A quokka (D:4)
2 creatures vanquished.

Grand Total: 79 creatures vanquished

Notes
Turn   | Place    | Note
-------+----------+-------------------------------------------
     0 | D:1      | raph the Hill Orc Fighter began the quest for the Orb.
     0 | D:1      | Reached XP level 1. HP: 19/19 MP: 1/1
    76 | D:1      | Reached skill level 3 in Maces & Flails
    76 | D:1      | Reached XP level 2. HP: 10/26 MP: 2/2
   791 | D:1      | Reached XP level 3. HP: 31/31 MP: 3/3
  1137 | D:2      | Noticed Robin
  1147 | D:2      | Reached skill level 4 in Maces & Flails
  1161 | D:2      | Killed Robin
  1352 | D:2      | Reached XP level 4. HP: 39/39 MP: 4/4
  1377 | D:2      | Noticed Sigmund
  1503 | D:3      | Found a transporter.
  1507 | D:3      | Noticed Tommers's ghost (amateur OpFE)
  1600 | D:3      | Found a hide-covered altar of Uskayaw.
  1684 | D:3      | Reached skill level 5 in Maces & Flails
  1982 | D:3      | Noticed Terence
  1991 | D:3      | Killed Terence
  1992 | D:3      | Reached XP level 5. HP: 17/45 MP: 5/5
  2360 | D:3      | Found a transporter.
  2420 | D:3      | Found a blossoming altar of Fedhas.
  2710 | D:4      | Noticed an ogre
  2715 | D:4      | Became a worshipper of Beogh the Brigand
  2854 | D:4      | Found Gonauqia's Weapon Shoppe.
  2876 | D:4      | Found an ornate altar of the Wu Jian Council.
  2943 | D:4      | Reached skill level 6 in Maces & Flails
  2958 | D:4      | Killed an ogre
  2959 | D:4      | Reached skill level 7 in Maces & Flails
  2959 | D:4      | Reached XP level 6. HP: 51/51 MP: 6/6
  3032 | D:4      | Found a staircase to the Ecumenical Temple.
  3147 | D:4      | Found a bloodstained altar of Trog.
  3538 | D:4      | Noticed Ijyb
  3576 | D:4      | Killed Ijyb
  3899 | D:5      | Entered Level 5 of the Dungeon
  4158 | D:5      | Reached skill level 8 in Maces & Flails
  4158 | D:5      | Reached XP level 7. HP: 55/57 MP: 7/7
  4403 | D:6      | HP: 2/57 [orc priest/divine providence (14)]
  4405 | D:5      | Slain by an iguana

Illustrated notes

Levels and vault maps discovered:
D:1:      spicycebolla_arrival_clurvy, layout_basic
D:2:      layout_loops_ring, dreamdust_wishing_well, uniq_jessica, uniq_robin,
          uniq_natasha, uniq_sigmund
D:3:      layout_basic, mainiacjoe_overflow_brackets, mainiacjoe_overflow_paths,
          gammafunk_ghost_stat_death, uniq_terence
D:4:      kennysheep_goblin_castle, layout_basic, lemuel_crystal_altar,
          mainiacjoe_overflow_six_doors_small, minmay_temple_entry_arrows,
          hangedman_decor_slide_cut, kennysheep_windowed_goal
D:5:      layout_basic, minmay_misc_feat_tiny, minmay_holes,
          kennysheep_generic_room_10
D:6:      cheibrodos_quashed, layout_cave_pools, nicolae_sif_muna_condensation,
          nicolae_hepliaklqana_hippocampus, lemuel_doored_altar, serial_shops,
          nicolae_shop_pleasant_corner_grove, minmay_checkerbox, uniq_edmund

Skill      XL: |  1  2  3  4  5  6 |
---------------+-------------------+-----
Maces & Flails | 3 4 5 7 8 |  8.3
Fighting       | |  3.6
Armour         | |  3.2
Shields        | |  3.2

Action                     |  1- 3 |  4- 6 |  7- 9 || total
---------------------------+-------+-------+-------++-------
  Melee: Flail             |    66 |   187 |    22 ||   275
  Throw: Dart              |       |     2 |       ||     2
 Invoke: Convert to Beogh  |       |     1 |       ||     1
    Use: Potion            |     1 |       |     1 ||     2
         Scroll            |       |    14 |       ||    14
 Armour: Scale mail        |    25 |    92 |    21 ||   138
  Dodge: Dodged            |    23 |    95 |    18 ||   136
  Block: Buckler           |    15 |    40 |     4 ||    59
